MLB
LOS ANGELES DODGERS @ PHILADELPHIA PHILLIES
05/02/2098
 
TOP OF THE 1ST
Los Angeles Dodgers batting - Pitching for Philadelphia Phillies : RHP Jason Hunter
Pitching: RHP Jason Hunter
Batting: RHB Dan Boyd 0-0: Called Strike
0-1: Foul Ball, location: 2F
0-2: Ground out U3 (Groundball, 34, EV 83.1 MPH)
Batting: LHB Tim Cooke 0-0: Called Strike
0-1: Foul Ball, location: 3DF
0-2: Ball
1-2: Ball
2-2: Strikes out swinging
Batting: RHB Brad Horwath 0-0: Ground out 4-3 (Groundball, 4, EV 84.4 MPH)
Top of the 1st over - 0 runs, 0 hits, 0 errors, 0 left on base; Los Angeles 0 - Philadelphia 0
BOTTOM OF THE 1ST
Philadelphia Phillies batting - Pitching for Los Angeles Dodgers : LHP Scott Lahoda
Pitching: LHP Scott Lahoda
Batting: SHB Tim Spotton 0-0: Ball
1-0: Ball
2-0: Called Strike
2-1: Ball
3-1: Called Strike
3-2: Fly out, F8 (Flyball, 8RS, EV 85.0 MPH)
Batting: SHB Pete Ray 0-0: Called Strike
0-1: Ball
1-1: SINGLE (Flyball, 8RS, EV 100.0 MPH)
Batting: RHB Vicente Vargas 0-0: Foul Ball, location: 9LMF
0-1: Foul Ball, location: 7LSF
0-2: Ball
1-2: SINGLE (Line Drive, 34, EV 106.9 MPH)
Pete Ray to second
Batting: RHB Luis Esquivel 0-0: Fly out, F4 (Popup, 4, EV 71.3 MPH)
Batting: RHB Chad Larson 0-0: Foul Ball, location: 3F
0-1: Fly out, F8 (Flyball, 8RD, EV 98.8 MPH)
Bottom of the 1st over - 0 runs, 2 hits, 0 errors, 2 left on base; Los Angeles 0 - Philadelphia 0
TOP OF THE 2ND
Los Angeles Dodgers batting - Pitching for Philadelphia Phillies : RHP Jason Hunter
Batting: LHB Jose Camacho 0-0: Ball
1-0: Called Strike
1-1: Foul Ball, location: 2F
1-2: SINGLE (Line Drive, 7S, EV 88.1 MPH)
Batting: LHB Jon Guzman 0-0: Called Strike
0-1: Called Strike
0-2: DOUBLE (Flyball, 78D, EV 100.6 MPH)
Jose Camacho to third
Batting: LHB Raul Gallegos 0-0: 3-RUN HOME RUN (Flyball, 89XD, EV 110.6 MPH), Distance : 400 ft
Batting: RHB John Spohn 0-0: Ball
1-0: Ball
2-0: DOUBLE (Flyball, 89XD, EV 102.5 MPH)
Batting: LHB Mike Jessie 0-0: 2-RUN HOME RUN (Flyball, 7D, EV 96.9 MPH), Distance : 367 ft
Batting: SHB Freddie Mitchell 0-0: Called Strike
0-1: Foul Ball, location: 5F
0-2: Ball
1-2: Ball
2-2: Foul Ball, location: 7LMF
2-2: Foul Ball, location: 2F
2-2: Strikes out swinging
Batting: RHB Dan Boyd 0-0: Foul Ball, location: 3F
0-1: Ball
1-1: Swinging Strike
1-2: Ball
2-2: Ball
3-2: Base on Balls
Batting: LHB Tim Cooke 0-0: Called Strike
0-1: Called Strike
Dan Boyd steals 2nd base
0-2: Ball
1-2: Ball
2-2: Ball
3-2: Base on Balls
Pitching: RHP DeAndre Hart
Batting: RHB Brad Horwath 0-0: Ball
1-0: Called Strike
1-1: Swinging Strike
1-2: Ball
2-2: Foul Ball, location: 5F
2-2: Foul Ball, location: 3SF
2-2: Fly out, F8 (Line Drive, 8RD, EV 86.3 MPH)
Batting: LHB Jose Camacho 0-0: Ball
1-0: Fly out, F6 (Popup, 4MD, EV 48.8 MPH)
Top of the 2nd over - 5 runs, 5 hits, 0 errors, 2 left on base; Los Angeles 5 - Philadelphia 0
BOTTOM OF THE 2ND
Philadelphia Phillies batting - Pitching for Los Angeles Dodgers : LHP Scott Lahoda
Batting: RHB Ryan Klepper 0-0: Ball
1-0: Foul Ball, location: 9LSF
1-1: Ball
2-1: SINGLE (Line Drive, 9S, EV 92.5 MPH)
Batting: RHB Allan Alessi 0-0: Ball
1-0: SINGLE (Groundball, 6M, EV 85.6 MPH)
Ryan Klepper to second
Batting: RHB Aaron Marler 0-0: Ball
1-0: Ball
2-0: Fly out, F5 (Popup, 5, EV 81.9 MPH)
Batting: RHB Josh Hester 0-0: Foul Ball, location: 9LDF
0-1: Foul Ball, location: 2F
0-2: Fielders Choice at 2nd, 6-4 (Groundball, 6M, EV 105.6 MPH)
Ryan Klepper to third
Batting: SHB Tim Spotton 0-0: Ball
1-0: Called Strike
1-1: Ball
2-1: Foul Ball, location: 9LSF
2-2: Ball
3-2: Base on Balls
Josh Hester to second
Pitching: RHP David Dzik
Batting: SHB Pete Ray 0-0: Foul Ball, location: 7LDF
0-1: Ball
1-1: Foul Ball, location: 7LMF
1-2: Ball
2-2: Ground out 1-3 (Groundball, 15S, EV 69.4 MPH)
Bottom of the 2nd over - 0 runs, 2 hits, 0 errors, 3 left on base; Los Angeles 5 - Philadelphia 0
TOP OF THE 3RD
Los Angeles Dodgers batting - Pitching for Philadelphia Phillies : RHP DeAndre Hart
Batting: LHB Jon Guzman 0-0: Foul Ball, location: 2F
0-1: Ball
1-1: Swinging Strike
1-2: Ground out 1-3 (Groundball, 13S, EV 66.9 MPH)
Batting: LHB Raul Gallegos 0-0: Called Strike
0-1: Called Strike
0-2: Fly out, F2 (Popup, 2LF, EV 96.3 MPH)
Batting: RHB John Spohn 0-0: Foul Ball, location: 25F
0-1: Ball
1-1: Ball
2-1: Called Strike
2-2: Ground out 5-3 (Groundball, 5L, EV 91.3 MPH)
Top of the 3rd over - 0 runs, 0 hits, 0 errors, 0 left on base; Los Angeles 5 - Philadelphia 0
BOTTOM OF THE 3RD
Philadelphia Phillies batting - Pitching for Los Angeles Dodgers : RHP David Dzik
Batting: RHB Vicente Vargas 0-0: Called Strike
0-1: Called Strike
0-2: SINGLE (Line Drive, 9LS, EV 84.4 MPH)
Batting: RHB Luis Esquivel 0-0: Called Strike
Vicente Vargas steals 2nd base
0-1: Foul Ball, location: 23FF
0-2: Ball
1-2: Foul Ball, location: 2F
1-2: SINGLE (Line Drive, 7S, EV 96.9 MPH)
Vicente Vargas to third
Batting: RHB Chad Larson 0-0: Ball
Wild Pitch!
Vicente Vargas scores
Luis Esquivel to second
1-0: Called Strike
1-1: SINGLE (Line Drive, 8RS, EV 103.8 MPH)
Luis Esquivel to third
Runner from 3rd tries for Home, SAFE, throw by CF to home
Chad Larson to second
Batting: RHB Ryan Klepper 0-0: Called Strike
0-1: Foul Ball, location: 9LMF
0-2: Ball
1-2: Foul Ball, location: 3SF
1-2: Strikes out swinging
Batting: RHB Allan Alessi 0-0: Ground out 4-3 (Groundball, 4, EV 68.1 MPH)
Chad Larson to third
Batting: RHB Aaron Marler 0-0: Called Strike
0-1: Ball
1-1: Ball
2-1: Ground out 5-3 (Groundball, 56S, EV 77.5 MPH)
Bottom of the 3rd over - 2 runs, 3 hits, 0 errors, 1 left on base; Los Angeles 5 - Philadelphia 2
TOP OF THE 4TH
Los Angeles Dodgers batting - Pitching for Philadelphia Phillies : RHP DeAndre Hart
Batting: LHB Mike Jessie 0-0: Swinging Strike
0-1: Ground out 4-3 (Groundball, 4, EV 86.3 MPH)
Batting: SHB Freddie Mitchell 0-0: Ground out 6-3 (Groundball, 6M, EV 90.0 MPH)
Batting: RHB Dan Boyd 0-0: Ball
1-0: Called Strike
1-1: Ball
2-1: DOUBLE (Line Drive, 7LM, EV 88.8 MPH)
Batting: LHB Tim Cooke 0-0: Ball
1-0: Foul Ball, location: 7LSF
1-1: Called Strike
1-2: 2-RUN HOME RUN (Flyball, 9D, EV 93.8 MPH), Distance : 368 ft
Batting: RHB Brad Horwath 0-0: Ball
1-0: Fly out, F8 (Line Drive, 8RM, EV 100.0 MPH)
Top of the 4th over - 2 runs, 2 hits, 0 errors, 0 left on base; Los Angeles 7 - Philadelphia 2
BOTTOM OF THE 4TH
Philadelphia Phillies batting - Pitching for Los Angeles Dodgers : RHP David Dzik
Batting: RHB Josh Hester 0-0: Called Strike
0-1: Foul Ball, location: 9LSF
0-2: Ball
1-2: Foul Ball, location: 2F
1-2: Strikes out swinging
Batting: SHB Tim Spotton 0-0: Called Strike
0-1: Foul Ball, location: 2F
0-2: Ball
1-2: Strikes out looking
Batting: SHB Pete Ray 0-0: Called Strike
0-1: Ground out 4-3 (Groundball, 4, EV 85.6 MPH)
Bottom of the 4th over - 0 runs, 0 hits, 0 errors, 0 left on base; Los Angeles 7 - Philadelphia 2
TOP OF THE 5TH
Los Angeles Dodgers batting - Pitching for Philadelphia Phillies : RHP DeAndre Hart
Batting: LHB Jose Camacho 0-0: Ball
1-0: Ball
2-0: Ball
3-0: Base on Balls
Pitching: RHP Chris Sexton
Batting: LHB Jon Guzman 0-0: Ball
1-0: Ball
2-0: Called Strike
2-1: Called Strike
2-2: Strikes out swinging
Batting: LHB Raul Gallegos 0-0: Foul Ball, location: 9LSF
0-1: Ball
1-1: Ball
2-1: Foul Ball, location: 2F
2-2: Ball
3-2: Foul Ball, location: 7LMF
3-2: Base on Balls
Jose Camacho to second
Batting: RHB John Spohn 0-0: Ball
1-0: Foul Ball, location: 5DF
1-1: Fielders Choice at 2nd, 6-4 (Groundball, 6S, EV 78.8 MPH)
Jose Camacho to third
Batting: LHB Mike Jessie 0-0: Called Strike
0-1: Swinging Strike
0-2: Strikes out swinging
Top of the 5th over - 0 runs, 0 hits, 0 errors, 2 left on base; Los Angeles 7 - Philadelphia 2
BOTTOM OF THE 5TH
Philadelphia Phillies batting - Pitching for Los Angeles Dodgers : RHP David Dzik
Batting: RHB Vicente Vargas 0-0: Ball
1-0: Ground out 4-3 (Groundball, 34, EV 105.6 MPH)
Batting: RHB Luis Esquivel 0-0: Swinging Strike
0-1: Ball
1-1: Swinging Strike
1-2: Ball
2-2: Strikes out swinging
Batting: RHB Chad Larson 0-0: Reached on error, E1 (Groundball, 15S, EV 69.4 MPH)
Batting: RHB Ryan Klepper 0-0: Called Strike
Chad Larson is caught stealing 2nd base 2-4
Bottom of the 5th over - 0 runs, 0 hits, 1 error, 0 left on base; Los Angeles 7 - Philadelphia 2
TOP OF THE 6TH
Los Angeles Dodgers batting - Pitching for Philadelphia Phillies : RHP Chris Sexton
Batting: SHB Freddie Mitchell 0-0: Ground out 6-3 (Groundball, 6, EV 90.6 MPH)
Batting: RHB Dan Boyd 0-0: Swinging Strike
0-1: Foul Ball, location: 9LSF
0-2: Reached on error, E6 (Groundball, 6M, EV 91.9 MPH)
Pitching: LHP Bronson Kellerman
Batting: LHB Tim Cooke 0-0: Foul Ball, location: 5DF
0-1: Foul Ball, location: 23FF
0-2: Ball
1-2: Foul Ball, location: 2F
1-2: Ball
2-2: Foul Ball, location: 2F
2-2: Foul Ball, location: 2RF
2-2: Foul Ball, location: 2F
2-2: Fly out, F8 (Flyball, 8RM, EV 75.0 MPH)
Batting: RHB Brad Horwath 0-0: Ball
1-0: Ball
2-0: Called Strike
2-1: Ball
3-1: Called Strike
3-2: Strikes out looking
Top of the 6th over - 0 runs, 0 hits, 1 error, 1 left on base; Los Angeles 7 - Philadelphia 2
BOTTOM OF THE 6TH
Philadelphia Phillies batting - Pitching for Los Angeles Dodgers : RHP David Dzik
Batting: RHB Ryan Klepper 0-0: Called Strike
0-1: Ball
1-1: Foul Ball, location: 2F
1-2: Fly out, F8 (Flyball, 8LXD, EV 106.3 MPH)
Pitching: LHP Erik Baggett
Batting: RHB Allan Alessi 0-0: Ball
1-0: Foul Ball, location: 5FF
1-1: Ball
2-1: Ground out 5-3 (Groundball, 5, EV 91.9 MPH)
Batting: RHB Aaron Marler 0-0: Foul Ball, location: 9LDF
0-1: SINGLE (Groundball, 56D, EV 96.9 MPH)
Batting: RHB Josh Hester 0-0: Foul Ball, location: 2F
0-1: Swinging Strike
0-2: Strikes out swinging
Bottom of the 6th over - 0 runs, 1 hit, 0 errors, 1 left on base; Los Angeles 7 - Philadelphia 2
TOP OF THE 7TH
Los Angeles Dodgers batting - Pitching for Philadelphia Phillies : LHP Bronson Kellerman
Batting: LHB Jose Camacho 0-0: Called Strike
0-1: Foul Ball, location: 3FF
0-2: Ball
1-2: Ball
2-2: Ball
3-2: Base on Balls
Batting: LHB Jon Guzman 0-0: Swinging Strike
0-1: Called Strike
0-2: Foul Ball, location: 3F
0-2: Ball
1-2: Foul Ball, location: 7LDF
1-2: Strikes out swinging
Pitching: LHP Vince Booker
Pinch Hitting: RHB Victor Salinas 0-0: Fly out, F7 (Line Drive, 7, EV 90.0 MPH)
Batting: RHB John Spohn 0-0: Foul Ball, location: 2F
0-1: Foul Ball, location: 9LMF
0-2: Foul Ball, location: 9LSF
0-2: Foul Ball, location: 5FF
0-2: Foul Ball, location: 2F
0-2: Ball
1-2: Ball
2-2: DOUBLE (Groundball, 3L, EV 108.1 MPH)
Jose Camacho to third
Batting: LHB Mike Jessie 0-0: Called Strike
0-1: Ball
1-1: Ball
2-1: Called Strike
2-2: Ball
3-2: Strikes out swinging
Top of the 7th over - 0 runs, 1 hit, 0 errors, 2 left on base; Los Angeles 7 - Philadelphia 2
BOTTOM OF THE 7TH
Philadelphia Phillies batting - Pitching for Los Angeles Dodgers : LHP Erik Baggett
Now at C: Ron Ascencio
Now at 1B: Brad Horwath
Now at 2B: Dan Boyd
Now at 3B: Luis Lozada
Now at SS: Jason Avsar
Now in LF: Bryan Uplinger
Batting: SHB Tim Spotton 0-0: Foul Ball, location: 2F
0-1: SINGLE (Line Drive, 9S, EV 98.8 MPH)
Batting: SHB Pete Ray 0-0: Ball
1-0: Ball
2-0: Foul Ball, location: 2F
2-1: Called Strike
Tim Spotton steals 2nd base
2-2: Fly out, F9 (Flyball, 9S, EV 93.1 MPH)
Pitching: RHP Sean McNees
Batting: RHB Vicente Vargas 0-0: Called Strike
0-1: SINGLE (Line Drive, 8RS, EV 110.6 MPH)
Tim Spotton to third
Runner from 3rd tries for Home, SAFE, throw by CF to home
Batting: RHB Luis Esquivel 0-0: Ball
1-0: Foul Ball, location: 2F
1-1: Foul Ball, location: 23F
1-2: Strikes out swinging
Vicente Vargas is caught stealing 2nd base 2-4
Batter strikes out.
Bottom of the 7th over - 1 run, 2 hits, 0 errors, 0 left on base; Los Angeles 7 - Philadelphia 3
TOP OF THE 8TH
Los Angeles Dodgers batting - Pitching for Philadelphia Phillies : LHP Vince Booker
Batting: SHB Freddie Mitchell 0-0: Called Strike
0-1: Ball
1-1: Ball
2-1: Fly out, F8 (Flyball, 8LD, EV 106.3 MPH)
Batting: RHB Dan Boyd 0-0: Foul Ball, location: 2F
0-1: Ball
1-1: Foul Ball, location: 5FF
1-2: Ball
2-2: Ground out 4-3 (Groundball, 4, EV 81.3 MPH)
Batting: LHB Tim Cooke 0-0: Foul Ball, location: 2F
0-1: Ground out 6-3 (Groundball, 6, EV 84.4 MPH)
Top of the 8th over - 0 runs, 0 hits, 0 errors, 0 left on base; Los Angeles 7 - Philadelphia 3
BOTTOM OF THE 8TH
Philadelphia Phillies batting - Pitching for Los Angeles Dodgers : RHP Sean McNees
Batting: RHB Chad Larson 0-0: Swinging Strike
0-1: Ball
1-1: Ball
2-1: Foul Ball, location: 2F
2-2: Ball
3-2: Fly out, F3 (Popup, 3SF, EV 75.6 MPH)
Batting: RHB Ryan Klepper 0-0: Ball
1-0: Ball
2-0: Called Strike
2-1: Called Strike
2-2: Strikes out looking
Batting: RHB Allan Alessi 0-0: Ball
1-0: Ball
2-0: Foul Ball, location: 5F
2-1: Foul Ball, location: 9LSF
2-2: SINGLE (Line Drive, 9LS, EV 91.3 MPH)
Pitching: RHP Ron Walker
Batting: RHB Aaron Marler 0-0: Fly out, F7 (Flyball, 7, EV 92.5 MPH)
Bottom of the 8th over - 0 runs, 1 hit, 0 errors, 1 left on base; Los Angeles 7 - Philadelphia 3
TOP OF THE 9TH
Los Angeles Dodgers batting - Pitching for Philadelphia Phillies : LHP Vince Booker
Pitching: RHP Kyle Horn
Batting: RHB Brad Horwath 0-0: Ball
1-0: Called Strike
1-1: Swinging Strike
1-2: DOUBLE (Flyball, 8RXD, EV 95.6 MPH)
Batting: RHB Luis Lozada 0-0: Called Strike
0-1: Ball
1-1: Foul Ball, location: 5F
1-2: Strikes out swinging
Batting: LHB Jon Guzman 0-0: Foul Ball, location: 2F
0-1: Ball
1-1: Swinging Strike
1-2: Fly out, F9 (Line Drive, 9S, EV 90.6 MPH)
Batting: RHB Bryan Uplinger 0-0: Foul Ball, location: 2F
0-1: Swinging Strike
0-2: Ball
1-2: Fly out, F8 (Line Drive, 8LD, EV 94.4 MPH)
Top of the 9th over - 0 runs, 1 hit, 0 errors, 1 left on base; Los Angeles 7 - Philadelphia 3
BOTTOM OF THE 9TH
Philadelphia Phillies batting - Pitching for Los Angeles Dodgers : RHP Ron Walker
Batting: RHB Josh Hester 0-0: SINGLE (Line Drive, 6MD, EV 100.0 MPH)
Batting: SHB Tim Spotton 0-0: Foul Ball, location: 3SF
0-1: Ball
1-1: Foul Ball, location: 2F
1-2: Foul Ball, location: 2F
1-2: Ball
2-2: Fly out, F5 (Popup, 25F, EV 94.4 MPH)
Batting: SHB Pete Ray 0-0: Called Strike
0-1: Foul Ball, location: 23F
0-2: DOUBLE (Flyball, 78XD, EV 110.0 MPH)
Josh Hester to third
Batting: RHB Vicente Vargas 0-0: Called Strike
0-1: Called Strike
0-2: Ground out 5-3 (Groundball, 56, EV 83.8 MPH)
Pitching: RHP Eric Beattie
Batting: RHB Luis Esquivel 0-0: Ball
1-0: TRIPLE (Flyball, 78XD, EV 103.1 MPH)
Josh Hester scores
Pete Ray scores
Batting: RHB Chad Larson 0-0: Ball
1-0: Swinging Strike
1-1: Fly out, F8 (Flyball, 8LS, EV 101.9 MPH)
Bottom of the 9th over - 2 runs, 3 hits, 0 errors, 1 left on base; Los Angeles 7 - Philadelphia 5
Wednesday, April 3rd , 2024 - OOTP Baseball 24.11 Build 85